Map: Eastwatch LE

Players

Infamous

  • Race: Protoss Protoss
  • League: Silver
  • Spawn Location: 1:00

aBrain - Winner!

  • Race: Zerg Zerg
  • League: Silver
  • Spawn Location: 7:00

VOD

Have the link to the VOD?

Description

Time

  • Played on: March 26, 2018, 12:38 p.m.
  • Length: 10:34
Show
View Real Time Build Order
Export as new Build Order

Infamous Protoss 

Build Orders: 1 Gate Expand 

Get SALT Encoding   

  12  0:01  Probe  
  13  0:13  Probe  
  14  0:24  Pylon  
  14  0:25  Probe  
  15  0:42  Probe (Chrono Boost), Gateway  
  16  0:54  Probe (Chrono Boost)  
  17  1:00  Assimilator  
  17  1:18  Probe  
  18  1:25  Pylon  
  18  1:38  Nexus  
  18  1:42  Pylon  
  18  1:52  Cybernetics Core  
  18  1:53  Assimilator  
  18  2:03  Pylon  
  18  2:06  Probe (Chrono Boost)  
  19  2:17  Probe (Chrono Boost)  
  19  2:27  Zealot  
  21  2:33  Gateway  
  21  2:44  Warp Gate (Chrono Boost)  
  21  2:54  Stalker (Chrono Boost)  
  21  2:56  Assimilator  
  24  2:58  Probe  
  24  2:59  Pylon  
  24  3:07  Probe  
  24  3:12  Probe  
  26  3:19  Probe (Chrono Boost)  
  27  3:24  Gateway  
  27  3:31  Probe (Chrono Boost)  
  27  3:34  Probe (Chrono Boost)  
  30  3:42  Probe (Chrono Boost)  
  30  3:57  Probe x2  
  32  4:08  Gateway  
  32  4:09  Probe  
  33  4:13  Probe  
  34  4:19  Robotics Facility  
  34  4:21  Probe  
  34  4:22  Assimilator  
  35  4:25  Probe  
  36  4:33  Probe  
  37  4:40  Probe (Chrono Boost), Pylon  
  37  4:42  Pylon  
  38  4:51  Sentry x2  
  38  4:52  Probe x2 (Chrono Boost)  
  44  4:53  Gateway x2, Zealot  
  47  5:00  Probe (Chrono Boost)  
  47  5:08  Pylon, Observer (Chrono Boost)  
  47  5:11  Probe  
  47  5:12  Probe  
  50  5:16  Assimilator  
  50  5:17  Adept  
  50  5:19  Sentry  
  54  5:23  Probe  
  54  5:24  Probe  
  56  5:34  Forge  
  56  5:36  Probe (Chrono Boost)  
  56  5:37  Probe (Chrono Boost)  
  58  5:48  Probe (Chrono Boost)  
  58  5:49  Immortal (Chrono Boost)  
  64  5:53  Probe (Chrono Boost)  
  64  5:54  Zealot x3  
  70  5:58  Pylon  
  70  6:04  Stalker  
  72  6:07  Zealot  
  74  6:17  Pylon, Shield Battery  
  74  6:18  Probe  
  74  6:19  Probe  
  74  6:24  Protoss Ground Weapons Level 1 (Chrono Boost)  
  76  6:31  Probe, Sentry  
  76  6:32  Gateway  
  79  6:35  Sentry x2  
  79  6:36  Sentry  
  85  6:56  Probe (Chrono Boost)  
  85  7:00  Probe (Chrono Boost)  
  85  7:01  Stalker x2  
  91  7:02  Stalker  
  93  7:18  Twilight Council  
  93  7:37  Stargate  
  93  8:03  Pylon  
  93  8:06  Pylon  
  93  8:21  Immortal  
  93  8:26  Adept  
  93  8:27  Adept x5  
  91  8:44  Stalker  
  75  9:01  Immortal  
  75  9:02  Stalker x5  
  85  9:03  Stalker  
  89  9:16  Adept  
  85  9:30  Adept x3  
  85  9:31  Adept x3  
  93  9:43  Immortal (Chrono Boost)  
  89  9:59  Stalker  
  91  10:00  Stalker x6  
  99  10:11  Pylon  
  97  10:26  Stalker x3  
  97  10:27  Stalker x2  
  97  10:28  Stalker  
Show
View Real Time Build Order
Export as new Build Order

aBrain Zerg - Winner!

Build Orders: Pool First 

Get SALT Encoding   

  12  0:01  Drone  
  13  0:14  Overlord  
  13  0:18  Drone  
  14  0:33  Drone x2  
  16  0:39  Drone  
  17  0:48  Spawning Pool  
  16  0:50  Drone  
  17  0:59  Overlord  
  17  1:03  Extractor  
  16  1:10  Drone  
  18  1:26  Extractor  
  17  1:32  Drone  
  17  1:33  Drone  
  19  1:41  Queen  
  19  1:42  Hatchery  
  20  1:53  Spine Crawler  
  19  1:59  Zergling x4  
  21  2:17  Queen  
  23  2:28  Drone x2  
  25  2:30  Zergling x2  
  26  3:10  Drone  
  26  3:12  Queen  
  29  3:17  Drone x4  
  29  3:18  Drone x3  
  36  3:24  Roach Warren  
  35  3:28  Zergling x2  
  35  3:30  Overlord x2  
  34  4:06  Roach x6  
  47  4:17  Drone x2  
  48  4:26  Hatchery  
  47  4:32  Metabolic Boost  
  47  5:01  Queen  
  49  5:16  Drone x3  
  52  5:21  Overlord x2  
  52  5:22  Overlord  
  52  5:36  Evolution Chamber  
  52  5:40  Drone x2  
  53  5:43  Overlord x2  
  53  5:58  Queen  
  53  6:03  Drone x2  
  53  6:04  Drone x6  
  63  6:18  Drone x4  
  65  6:19  Overlord x3  
  65  6:20  Overlord  
  67  6:41  Pneumatized Carapace  
  67  6:50  Roach x5  
  67  6:51  Roach x3  
  83  6:59  Evolution Chamber x2  
  81  7:01  Drone, Extractor  
  81  7:02  Drone  
  82  7:15  Ravager x2  
  84  7:23  Extractor  
  84  7:28  Drone x3  
  86  7:31  Roach x4  
  94  8:00  Lair  
  92  8:13  Roach  
  92  8:14  Roach x4  
  92  8:15  Roach  
  85  8:46  Roach x2  
  85  8:47  Roach x6  
  89  9:05  Roach x4  
  83  9:33  Roach  
  83  9:34  Roach x7  
  83  9:35  Roach  
  87  9:52  Roach x2  
  77  10:16  Ravager x3  
Tags
 
Add a new tag
Caveats
  • Supply blocks, unpowered buildings, or Contaminate may cause inaccurate times.
  • Supply counts are checked every 10 seconds.